 Dungeon Crawl Stone Soup version 0.19.3-1-g3169bf9 (console) character file.

51 Grinner the Cudgeler (level 3, -4/36 HPs)
             Began as an Ogre Monk on Jan 26, 2017.
             Slain by a kobold
             ... wielding a +0 whip
              (5 damage)
             ... on level 2 of the Dungeon.
             The game lasted 00:01:21 (725 turns).

Grinner the Cudgeler (Ogre Monk)                     Turns: 725, Time: 00:01:22

Health: -4/36      AC:  5    Str: 17    XL:     3   Next: 81%
Magic:  3/3        EV: 11    Int: 14    God:
Gold:   75         SH:  0    Dex: 12    Spells: 0 memorised, 2 levels left

rFire  . . .     SeeInvis .     a - +0 mace
rCold  . . .     Gourm    .     b - +0 robe
rNeg   . . .     Faith    .     (no shield)
rPois  .         Spirit   .     (helmet restricted)
rElec  .         Reflect  .     (no cloak)
rCorr  .         Harm     .     (gloves unavailable)
MR     .....                    (boots unavailable)
Stlth  ++........               (no amulet)
                                (no ring)
                                (no ring)

@: brilliant
A: unfitting armour, yellow scales 1, frail 1, tough skin 1, no device heal 1
a: no special abilities


You were on level 2 of the Dungeon.
You were not hungry.

You visited 1 branch of the dungeon, and saw 2 of its levels.

You collected 75 gold pieces.

Inventory:

Hand Weapons
 a - a +0 mace (weapon)
Armour
 b - a +0 robe (worn)
Scrolls
 e - a scroll of teleportation {unknown}
Comestibles
 c - a bread ration
 f - a royal jelly


   Skills:
 + Level 4.9 Fighting
 * Level 4.9 Maces & Flails
 + Level 3.1 Dodging
 - Level 1.4 Stealth


You had 2 spell levels left.
You didn't know any spells.

Dungeon Overview and Level Annotations

Branches:
Dungeon (2/15)

Altars:
Trog


Innate Abilities, Weirdness & Mutations

You are too large for most types of armour.
You have tough skin. (AC +1)
You are partially covered in yellow scales. (AC +2)
You are frail. (-10% HP)
Potions and wands are less effective at restoring your health.


Message History

You are too injured to fight recklessly!
You are too injured to fight recklessly!
You are too injured to fight recklessly!
You are too injured to fight recklessly!
You are too injured to fight recklessly!
It was a potion of brilliance.
You feel clever all of a sudden. The adder completely misses you.
The kobold hits you with a whip.
* * * LOW HITPOINT WARNING * * *
The adder closely misses you.
It was a potion of mutation.
You feel extremely strange.
You feel frail.
Yellow scales grow over part of your body.
Your system partially rejects artificial healing.
The kobold hits you with a whip.
* * * LOW HITPOINT WARNING * * *
The adder closely misses you.
You miss the adder. The kobold hits you but does no damage.
The adder closely misses you. The kobold hits you with a whip.
You die...

#.. #. #.##. #...#.
#########.##. #...#.#
#.(.....#.##. #......
#.......#.##. #......
#.......#.##.
#......#####.......#.###
#.....................##
#.....K.###...........##
#...%gS@# #...........##
....#.#.#...............
... #.#$#.#####.......##
.. . .... #......... .#
#.# #########. .. #.. #.
## ### ..P... ...P.#
.P.P..


You could see an adder, a hobgoblin and a kobold.

Vanquished Creatures
  2 adders (D:2)
  2 dart slugs
  2 leopard geckos (D:1)
  6 bats
  2 hobgoblins
  3 kobolds (D:1)
  A quokka (D:2)
  4 frilled lizards (D:1)
  A goblin (D:1)
  5 rats (D:1)
28 creatures vanquished.

Notes
Turn   | Place    | Note
-------+----------+-------------------------------------------
     0 | D:1      | Grinner the Ogre Monk began the quest for the Orb.
     0 | D:1      | Reached XP level 1. HP: 24/24 MP: 1/1
   112 | D:1      | Reached XP level 2. HP: 32/32 MP: 2/2
   519 | D:1      | Reached XP level 3. HP: 40/40 MP: 3/3
   660 | D:2      | Found a bloodstained altar of Trog.
   724 | D:2      | Gained mutation: You are frail. (-10% HP) [potion of mutation]
   724 | D:2      | Gained mutation: You are partially covered in yellow scales. (AC +2) [potion of mutation]
   724 | D:2      | Gained mutation: Potions and wands are less effective at restoring your health. [potion of mutation]
   724 | D:2      | HP: 1/36 [kobold/whip (3)]
   725 | D:2      | Slain by a kobold

Skill      XL: |  1  2  3 |
---------------+----------+-----
Dodging        | 3 |  3.1
Fighting       | |  4.9
Maces & Flails | |  4.9
Stealth        | |  1.4

Action                   || total
-------------------------++-------
Melee: Mace              ||    98
  Use: Potion            ||     2
 Stab: Sleeping          ||     1
Armor: Robe              ||    44
Dodge: Dodged            ||    90
